[Event "Dalheimers Hus Rapid Open"]
[Site "Dalheimers Hus, Slottsskogsgatan 12, Gothenburg, Sweden"]
[Date "2024.04.14"]
[Round "1.1"]
[White "Frisk, Anders"]
[Black "Seo, Jung Min"]
[Result "0-1"]
[TimeControl "15 minutes + 5 seconds per move from move one."]
[BlackTitle "IM"]
[WhiteFideId "1718797"]
[BlackFideId "1734687"]
[WhiteElo "1830"]
[BlackElo "2450"]

1. c4 Nf6 2. Nc3 e6 3. e4 c5 4. g3 Nc6 5. Bg2 Be7 6. Nge2 O-O 7. O-O Rb8 8. d3 a6 9. a4 d6 10. h3 Bd7 11. Be3 Qb6 12.
Rb1 Rfc8 13. b3 Qd8 14. d4 cxd4 15. Nxd4 Nxd4 16. Qxd4 Bc6 17. Rfd1 Nd7 18. f4 Qc7 19. Rdc1 Bf6 20. Qd2 b6 21. Nd5 Qd8 22. Nxf6+ Nxf6 23. Qd3 Qc7 24. Rd1 Qb7 25. Rd2 Nxe4 26. Rdd1 Nxg3 27.
Bxc6 Qxc6 28. Kh2 Nf5 29. Bf2 Rd8 30.
Rbc1 h6 31. Rc2 Qc7 32. Qe4 Rbc8 33. Rdc1 Qb8 34. Qe2 d5 35. Qf3 dxc4 36. Rxc4 Rxc4 37. Rxc4 b5 38. axb5 Qxb5 39. Rc5 Qd3 40. Qxd3 Rxd3 41. Ra5 Rxb3 42.
Rxa6 Rf3 43. Ra4 Rxf2+ 0-1

[Event "Dalheimers Hus Rapid Open"]
[Site "Dalheimers Hus, Slottsskogsgatan 12, Gothenburg, Sweden"]
[Date "2024.04.14"]
[Round "1.2"]
[White "Johansson, Linus"]
[Black "Karlsson, Mats"]
[Result "1-0"]
[TimeControl "15 minutes + 5 seconds per move from move one."]
[WhiteTitle "IM"]
[WhiteFideId "1711113"]
[BlackFideId "1779575"]
[WhiteElo "2427"]
[BlackElo "1822"]

1. d4 Nf6 2. c4 g6 3.
Nc3 Bg7 4. e4 d6 5. Be2 O-O 6.
Be3 e5 7. d5 c5 8. g4 Qa5 9.
Bd2 Nbd7 10. h4 h5 11. gxh5 gxh5 12. Nh3 Nh7 13. Ng5 Ndf6 14. Bxh5 Qc7 15. Be2 a6 16. a4 Ne8 17. Ra3 f5 18. exf5 Bxf5 19. Ne6 Bxe6 20.
dxe6 Qe7 21. Bg4 Qf6 22. Qe2 Bh6 23. Nd5 Bxd2+ 24. Qxd2 Qg7 25.
Rg3 Kh8 26. Bh5 1-0

[Event "Dalheimers Hus Rapid Open"]
[Site "Dalheimers Hus, Slottsskogsgatan 12, Gothenburg, Sweden"]
[Date "2024.04.14"]
[Round "1.3"]
[White "Kangru-Bernehag, Niklas"]
[Black "Hellers, Ferdinand"]
[Result "0-1"]
[TimeControl "15 minutes + 5 seconds per move from move one."]
[BlackTitle "GM"]
[WhiteFideId "1742400"]
[BlackFideId "1700022"]
[WhiteElo "1805"]
[BlackElo "2410"]

1. e4 g6 2. Nc3 Bg7 3. f4 c6 4. Nf3 d5 5. d4 dxe4 6. Nxe4 Nd7 7. c3 Ngf6 8. Ng3 O-O 9. Bd3 c5 10. O-O b6 11. f5 Bb7 12.
Bg5 cxd4 13. Nxd4 Ne5 14. Bc2 Nc6 15. Nf3 Qxd1 16. Raxd1 Rac8 17. Bb3 Na5 18. fxg6 hxg6 19. Bc2 Nc4 20. Bc1 b5 21. a3 a6 22.
Nd4 e5 23. Nde2 Ng4 24. Rd7 Bc6 25. Ra7 Nge3 26. Bxe3 Nxe3 27. Rc1 Bh6 28. Be4 Bxe4 29. Nxe4 f5 30. Rxa6 fxe4 31. Rxg6+ Kh7 32. Re6 Rcd8 33. Re1 Nc2 34. Rb1 Rd2 35. Rxe5 Rxe2 0-1

[Event "Dalheimers Hus Rapid Open"]
[Site "Dalheimers Hus, Slottsskogsgatan 12, Gothenburg, Sweden"]
[Date "2024.04.14"]
[Round "1.4"]
[White "Cramling, Pia"]
[Black "Green, David"]
[Result "1-0"]
[TimeControl "15 minutes + 5 seconds per move from move one."]
[WhiteTitle "GM"]
[WhiteFideId "1700030"]
[BlackFideId "1769332"]
[WhiteElo "2377"]
[BlackElo "1804"]

1. d4 d5 2. c4 c6 3. Nf3 Nf6 4. Qc2 e6 5. Bg5 Be7 6. e3 O-O 7. Nc3 Nbd7 8. Rd1 h6 9. Bh4 dxc4 10.
Bxc4 Nd5 11. Bg3 N7b6 12. Be2 Bd7 13. O-O f5 14. Ne5 Be8 15. Nd3 Bd6 16. Nc5 Bxg3 17. hxg3 Qc8 18. e4 Ne7 19.
a4 Bf7 20. b4 Nd7 21. Bc4 Nb6 22. Ba2 Kh8 23. a5 Nd7 24. Nxe6 Bxe6 25. Bxe6 fxe4 26. Qxe4 Nf6 27. Qe5 Qb8 28.
Bb3 Qxe5 29. dxe5 Ng4 30. Rd7 Rae8 31. f4 Ne3 32. Re1 N3d5 33. Nxd5 Nxd5 34. Bxd5 cxd5 35. Rxd5 Rd8 36. Red1 Rxd5 37.
Rxd5 Rf7 38. e6 Re7 39. f5 a6 40. Rd8+ Kh7 41. Rd7 Re8 42. Rxb7 Kg8 43. g4 Kf8 44. b5 axb5 45. a6 b4 46.
a7 b3 47. Rxb3 Ke7 48. Rb8 1-0

[Event "Dalheimers Hus Rapid Open"]
[Site "Dalheimers Hus, Slottsskogsgatan 12, Gothenburg, Sweden"]
[Date "2024.04.14"]
[Round "1.5"]
[White "Zejak, Branislav"]
[Black "Winsnes, Rikard"]
[Result "0-1"]
[TimeControl "15 minutes + 5 seconds per move from move one."]
[BlackTitle "IM"]
[WhiteFideId "1722565"]
[BlackFideId "1700430"]
[WhiteElo "1801"]
[BlackElo "2352"]

1. c4 c5 2. Nc3 Nc6 3. Nf3 e5 4. d3 g6 5. e4 Bg7 6. Be2 Nge7 7. O-O O-O 8. Be3 d6 9. Qd2 f5 10.
Bh6 f4 11. Bxg7 Kxg7 12. Nd5 h6 13.
Ne1 g5 14. f3 h5 15. Nc2 Nxd5 16. cxd5 Ne7 17. b4 b6 18. a4 Ng6 19. Na3 g4 20. bxc5 bxc5 21. Nc4 Kh7 22. Qa5 Qe7 23.
Rab1 Rg8 24. Nb6 Qc7 25. Nc4 Qe7 26. Nb6 Rb8 27. Nxc8 Rgxc8 28. Rb5 Rxb5 29. Qxb5 g3 30. h3 Nf8 31. Rb1 Qc7 32. Qb7 Nd7 33. a5 Kg7 34. a6 Nb6 35. Qxc7+ Rxc7 36. Rc1 Kf7 37. Kf1 Ke7 38.
Ke1 Rc8 39. Kd2 Kd7 40. Kc3 Kc7 41.
Kb2 Rb8 42. Kc3 Na4+ 43. Kd2 Rb6 44. Ra1 Rb4 45. Kc2 Kb6 46.
Rb1 Rxb1 47. Kxb1 Nc3+ 0-1

[Event "Dalheimers Hus Rapid Open"]
[Site "Dalheimers Hus, Slottsskogsgatan 12, Gothenburg, Sweden"]
[Date "2024.04.14"]
[Round "1.6"]
[White "Storme, Isak"]
[Black "Knutsen, Knut Steffen"]
[Result "1-0"]
[TimeControl "15 minutes + 5 seconds per move from move one."]
[WhiteTitle "IM"]
[WhiteFideId "1728113"]
[BlackFideId "1738500"]
[WhiteElo "2352"]
[BlackElo "1798"]

1. d4 Nf6 2. Nc3 g6 3. e4 d6 4. h4 Bg7 5. Be2 Nbd7 6. h5 Nxh5 7. Bxh5 gxh5 8. Rxh5 Nf6 9. Rg5 Rg8 10.
Bf4 Bg4 11. Rxg4 Nxg4 12. Qxg4 Qd7 13.
Qxd7+ Kxd7 14. O-O-O e6 15. Nf3 Bf6 16. g3 Rae8 17. e5 Be7 18. Rh1 Rh8 19. Rh5 a6 20. Ne4 d5 21. Nf6+ Bxf6 22.
exf6 Reg8 23. Ne5+ Ke8 24. Bh6 b6 25. Kd2 Rg6 26. Bg7 Rxg7 27. fxg7 Rg8 28. Rxh7 f6 29. Rh8 Kf7 1-0

[Event "Dalheimers Hus Rapid Open"]
[Site "Dalheimers Hus, Slottsskogsgatan 12, Gothenburg, Sweden"]
[Date "2024.04.14"]
[Round "1.7"]
[White "Thern, Alfred"]
[Black "Aaberg, Anton"]
[Result "0-1"]
[TimeControl "15 minutes + 5 seconds per move from move one."]
[BlackTitle "IM"]
[WhiteFideId "1775227"]
[BlackFideId "1701991"]
[WhiteElo "1795"]
[BlackElo "2346"]

1. e4 e6 2. d4 d5 3.
Nc3 Bb4 4. e5 Qd7 5. a3 Bxc3+ 6. bxc3 b6 7. Qg4 f5 8. Qg3 Ba6 9. Bxa6 Nxa6 10. a4 Nb8 11. Ne2 Nc6 12. O-O Na5 13.
Nf4 O-O-O 14. Ba3 g6 15. h4 Ne7 16. Rfb1 Nc4 17. Bb4 a5 18. Bxe7 Qxe7 19. Qg5 Qxg5 20. hxg5 Kd7 21. Nd3 h6 22. gxh6 Rxh6 23. f3 g5 24. Kf2 f4 25. Rh1 Rdh8 26.
Rxh6 Rxh6 27. Re1 Ne3 28. Re2 Rh1 29.
Re1 Nd1+ 30. Ke2 Nxc3+ 31. Kd2 Rxe1 32. Kxe1 Nxa4 33. Kd2 c5 34. c3 Kc6 35. Nf2 cxd4 36. cxd4 b5 37. Kc1 b4 38. Kc2 Nb6 39. Nh3 a4 40.
Nxg5 b3+ 41. Kb2 Nc4+ 42. Ka1 a3 43. Nxe6 Nd2 0-1

[Event "Dalheimers Hus Rapid Open"]
[Site "Dalheimers Hus, Slottsskogsgatan 12, Gothenburg, Sweden"]
[Date "2024.04.14"]
[Round "1.8"]
[White "Andreasson, Ingvar"]
[Black "Karlsson, Per"]
[Result "1-0"]
[TimeControl "15 minutes + 5 seconds per move from move one."]
[WhiteFideId "1700294"]
[BlackFideId "1732935"]
[WhiteElo "2323"]
[BlackElo "1792"]

1. Nf3 e6 2. d4 d5 3. Bf4 Nf6 4. e3 c5 5. Nbd2 Nc6 6. c3 Bd6 7. Bg3 Bxg3 8. hxg3 Qe7 9. Bb5 Bd7 10.
a4 O-O 11. Bxc6 bxc6 12. Ne5 cxd4 13. exd4 Rac8 14. g4 c5 15. g5 Ne4 16. Nxe4 g6 17. Nf6+ Kg7 18. Rxh7# 1-0

[Event "Dalheimers Hus Rapid Open"]
[Site "Dalheimers Hus, Slottsskogsgatan 12, Gothenburg, Sweden"]
[Date "2024.04.14"]
[Round "1.9"]
[White "Wennerlund, Elias"]
[Black "Rydstrom, Tom"]
[Result "0-1"]
[TimeControl "15 minutes + 5 seconds per move from move one."]
[BlackTitle "FM"]
[WhiteFideId "1742353"]
[BlackFideId "1714830"]
[WhiteElo "1742"]
[BlackElo "2313"]

1. e4 b6 2. d4 Bb7 3.
Nc3 e6 4. Bd3 Bb4 5. Nge2 d5 6. O-O dxe4 7. Nxe4 Nd7 8. c3 Be7 9. Be3 Ngf6 10.
N2g3 h5 11. h4 Nxe4 12. Bxe4 Bxe4 13. Nxe4 Bxh4 14. Qf3 Be7 15. Qg3 g6 16. Ng5 Nf6 17. Rae1 h4 18. Qf3 Qd5 19. Bf4 Qxf3 20. Nxf3 c5 21.
Be5 Rh5 22. Rd1 cxd4 23. Bxd4 Rd8 24. Ne5 Rc8 25. Rd3 Nd5 26. Rf3 Rf5 27. Rxf5 gxf5 28. Rd1 Bf6 29. Nf3 Be7 30. Be5 b5 31. Rd4 f6 32. Bh2 b4 33.
c4 Nb6 34. Rxh4 Nxc4 35. b3 Nd6 36.
Rh8+ Kd7 37. Rxc8 Nxc8 38. Bb8 Kc6 39. Bf4 Kd5 40. Be3 Ke4 41. Nd4 Bc5 42. Nxe6 Bxe3 43. fxe3 Kxe3 44. Nc5 Nb6 45. Kf1 Kd2 46. Ne6 Kc3 47. Nc7 Kb2 48. Nb5 a5 49. Ke2 Kxa2 50. Nd4 Kb2 51. Kd2 Nd7 0-1

[Event "Dalheimers Hus Rapid Open"]
[Site "Dalheimers Hus, Slottsskogsgatan 12, Gothenburg, Sweden"]
[Date "2024.04.14"]
[Round "1.10"]
[White "Hamark, Jesper"]
[Black "Bjureblad, Martin"]
[Result "1-0"]
[TimeControl "15 minutes + 5 seconds per move from move one."]
[WhiteFideId "1704338"]
[BlackFideId "1717928"]
[WhiteElo "2301"]
[BlackElo "1728"]

1. e4 c5 2. Nc3 Nc6 3. Bb5 e6 4. Nf3 d6 5. Bxc6+ bxc6 6. e5 g6 7. exd6 Qxd6 8. O-O Ba6 9.
d3 Bg7 10. Be3 Bxc3 11. bxc3 Nf6 12. c4 Rd8 13. Qd2 O-O 14. Qa5 Rfe8 15. Bxc5 Qf4 16. Qxa6 g5 17. Be3 Qf5 18. Bxg5 1-0

[Event "Dalheimers Hus Rapid Open"]
[Site "Dalheimers Hus, Slottsskogsgatan 12, Gothenburg, Sweden"]
[Date "2024.04.14"]
[Round "1.11"]
[White "Lapidus, John"]
[Black "Svensson, Bengt"]
[Result "0-1"]
[TimeControl "15 minutes + 5 seconds per move from move one."]
[BlackTitle "IM"]
[WhiteFideId "1763989"]
[BlackFideId "1700200"]
[WhiteElo "1710"]
[BlackElo "2281"]

1. d4 d5 2. Bg5 h6 3. Bh4 c6 4.
e3 Qb6 5. b3 Bf5 6. Bd3 Bxd3 7. Qxd3 Nd7 8. Nf3 e6 9. O-O Be7 10. c4 Bxh4 11. Nxh4 Ngf6 12. Nc3 O-O 13. Kh1 dxc4 14.
bxc4 Qa6 15. a4 Nb6 16. Rfc1 Qxc4 17. Qd1 Nbd5 18. Ne4 Nxe4 19. Rxc4 Nxf2+ 20. Kg1 Nxd1 21. Rxd1 Nxe3 0-1

[Event "Dalheimers Hus Rapid Open"]
[Site "Dalheimers Hus, Slottsskogsgatan 12, Gothenburg, Sweden"]
[Date "2024.04.14"]
[Round "2.1"]
[White "Seo, Jung Min"]
[Black "Sjoholm, Emil"]
[Result "1-0"]
[TimeControl "15 minutes + 5 seconds per move from move one."]
[WhiteTitle "IM"]
[WhiteFideId "1734687"]
[BlackFideId "1720449"]
[WhiteElo "2450"]
[BlackElo "2016"]

1. e4 e5 2. Nf3 Nc6 3.
Bb5 Nf6 4. d3 Bc5 5. Bxc6 dxc6 6. O-O Bd6 7. Nbd2 O-O 8.
Nc4 Qe7 9. Kh1 b5 10. Na5 c5 11. a4 Bd7 12. axb5 Bxb5 13. b3 Ne8 14. Nd2 Qh4 15. Nf3 Qh5 16. Nc4 f5 17. Nfd2 Qh4 18. Bb2 fxe4 19. Nxe4 Bxc4 20.
bxc4 Nf6 21. g3 Qh3 22. Qe2 a5 23.
Nxf6+ Rxf6 24. f4 Re8 25. fxe5 Bxe5 26. Rxf6 gxf6 27. Qe4 Re7 28. Qd5+ Kg7 29. Qe4 Kf8 30. Re1 Bd6 31. Qa8+ Kf7 32. Rxe7+ Kxe7 33. Qe4+ Kf7 34. Kg1 Kg7 35. Qf3 a4 36. Qxf6+ 1-0

[Event "Dalheimers Hus Rapid Open"]
[Site "Dalheimers Hus, Slottsskogsgatan 12, Gothenburg, Sweden"]
[Date "2024.04.14"]
[Round "2.2"]
[White "Kallen, Jonas"]
[Black "Johansson, Linus"]
[Result "0-1"]
[TimeControl "15 minutes + 5 seconds per move from move one."]
[BlackTitle "IM"]
[WhiteFideId "1712896"]
[BlackFideId "1711113"]
[WhiteElo "2021"]
[BlackElo "2427"]

1. e4 c5 2. Nf3 d6 3. d4 cxd4 4. Nxd4 Nf6 5. Nc3 a6 6. Be2 e5 7. Nb3 Be7 8. O-O O-O 9. Bg5 Nbd7 10. Qd2 b5 11. a3 Bb7 12.
f3 h6 13. Be3 Rc8 14. Rad1 Qc7 15. Nc1 Nb6 16. Kh1 Rfd8 17. Bxb6 Qxb6 18. Nd5 Nxd5 19. exd5 Bg5 20. Qd3 Qc5 21.
c3 Bxc1 22. Rxc1 Qxd5 23. Qxd5 Bxd5 24.
a4 bxa4 25. Bxa6 Rb8 26. Rf2 Bb3 27. Re1 Rb6 28. Bd3 Rdb8 29. h3 f6 30. Ree2 g5 31. Kh2 Kf7 32. Rd2 Rc8 33. Kg3 Be6 34.
Be2 Ke7 35. Bd1 Ra6 36. Rc2 a3 37. bxa3 Rxa3 0-1

[Event "Dalheimers Hus Rapid Open"]
[Site "Dalheimers Hus, Slottsskogsgatan 12, Gothenburg, Sweden"]
[Date "2024.04.14"]
[Round "2.3"]
[White "Hellers, Ferdinand"]
[Black "Gillefalk, Bjorn"]
[Result "1-0"]
[TimeControl "15 minutes + 5 seconds per move from move one."]
[WhiteTitle "GM"]
[WhiteFideId "1700022"]
[BlackFideId "1708821"]
[WhiteElo "2410"]
[BlackElo "1987"]

1. e4 c5 2. Nf3 Nc6 3. d4 cxd4 4. Nxd4 e5 5. Nb5 d6 6. c4 Be6 7. N1c3 a6 8. Na3 g6 9. Be3 Nf6 10.
Be2 Bg7 11. O-O O-O 12. Nc2 Rc8 13. b3 b5 14. cxb5 axb5 15. Nxb5 Nxe4 16. f3 Nf6 17. Nxd6 Rb8 18. Bc4 Bxc4 19.
Nxc4 Nd5 20. Bc5 Re8 21. N2e3 Nd4 22. Bxd4 exd4 23. Nxd5 Qxd5 24. Qd3 Re6 25. Rfe1 Rbe8 26. Rxe6 Qxe6 27. Kf1 Bh6 28. a4 Be3 29.
Re1 Qe7 30. g3 Qb7 31. Kg2 Qa6 32. a5 Qb5 33. Rd1 Qb4 34. a6 Ra8 35.
Ra1 Qb5 36. a7 Qb7 37. Nxe3 1-0

[Event "Dalheimers Hus Rapid Open"]
[Site "Dalheimers Hus, Slottsskogsgatan 12, Gothenburg, Sweden"]
[Date "2024.04.14"]
[Round "2.4"]
[White "Hansson, Susanne"]
[Black "Cramling, Pia"]
[Result "0-1"]
[TimeControl "15 minutes + 5 seconds per move from move one."]
[BlackTitle "GM"]
[WhiteFideId "1703820"]
[BlackFideId "1700030"]
[WhiteElo "2011"]
[BlackElo "2377"]

1. e4 c5 2. b4 cxb4 3. d4 d5 4. e5 Nc6 5. a3 Qb6 6.
Nf3 Bg4 7. Bb2 e6 8. c3 bxc3 9. Bxc3 Bxf3 10. gxf3 Nge7 11. Ra2 Nf5 12. Rb2 Qc7 13. Bb5 Be7 14. Qa4 O-O 15. O-O Rab8 16.
Nd2 Rfc8 17. Nb3 a6 18. Bd3 b5 19. Qxa6 Ra8 20. Qxb5 Rcb8 21. Ba5 Nxa5 22. Rc1 Qd8 23. Qa4 Nxb3 24. Bf1 0-1

[Event "Dalheimers Hus Rapid Open"]
[Site "Dalheimers Hus, Slottsskogsgatan 12, Gothenburg, Sweden"]
[Date "2024.04.14"]
[Round "2.5"]
[White "Winsnes, Rikard"]
[Black "Lejhall, Jens"]
[Result "1-0"]
[TimeControl "15 minutes + 5 seconds per move from move one."]
[WhiteTitle "IM"]
[WhiteFideId "1700430"]
[BlackFideId "1708864"]
[WhiteElo "2352"]
[BlackElo "1971"]

1. e4 c5 2. Nf3 Nc6 3. d4 cxd4 4. Nxd4 g6 5. c4 Nf6 6. Nc3 d6 7. Nc2 Bg7 8. Be2 Nd7 9. Bd2 O-O 10. O-O Nc5 11.
b4 Bxc3 12. Bxc3 Nxe4 13. Bb2 e5 14. Bf3 Ng5 15. Bd5 Ne6 16. Kh1 Qe7 17. Qd2 Bd7 18. b5 Ncd4 19. Nxd4 Nxd4 20. Bxd4 exd4 21.
Bxb7 Rab8 22. Bd5 Qf6 23. Rad1 Rfe8 24. Bf3 Be6 25. Qxd4 Qxd4 26. Rxd4 Rec8 27. Bc6 a6 28. a4 Kf8 29. h3 Ke7 30. f4 Rc7 31.
g4 Rd8 32. f5 gxf5 33. gxf5 Bd7 34. f6+ Kf8 35. Bxd7 Rdxd7 36. Rg4 Rd8 37. Rg7 Rxc4 38. Rxh7 Ke8 39. Re1+ Kd7 40.
Rxf7+ Kc8 41. b6 Rh8 42. Re3 Rc1+ 43. Kh2 Rc2+ 44. Kg3 Rc1 45. Ra7 Rg8+ 46. Kf2 Rc2+ 47. Kf3 Kb8 48. f7 Rf8 49. Re8+ Rc8 50. Rxf8 Rxf8 51.
Re7 1-0

[Event "Dalheimers Hus Rapid Open"]
[Site "Dalheimers Hus, Slottsskogsgatan 12, Gothenburg, Sweden"]
[Date "2024.04.14"]
[Round "2.6"]
[White "Wellevit, Tomas"]
[Black "Storme, Isak"]
[Result "1/2-1/2"]
[TimeControl "15 minutes + 5 seconds per move from move one."]
[BlackTitle "IM"]
[WhiteFideId "1731963"]
[BlackFideId "1728113"]
[WhiteElo "1978"]
[BlackElo "2352"]

1. e4 e5 2. Bc4 Nf6 3. d3 Nc6 4. Nf3 Bc5 5. Bg5 h6 6. Be3 d6 7. h3 Bxe3 8. fxe3 Be6 9. Nbd2 Qd7 10.
Qe2 O-O-O 11. Bb5 a6 12. Ba4 b5 13. Bb3 Kb7 14. O-O-O Na5 15. d4 Bxb3 16. axb3 Nc6 17. d5 Ne7 18.
Qd3 c6 19. c4 c5 20. Kc2 Nc8 21. Ra1 b4 22. Rhf1 Ne8 23. Qe2 Qe7 24. Qf2 Rd7 25. Nh4 g6 26. Qg3 Qg5 27. Qf2 Ng7 28.
Nhf3 Qe7 29. Ne1 f5 30. g4 fxg4 31. hxg4 h5 32. gxh5 gxh5 33. Nef3 Rh6 34. Qh2 Nb6 35. Ra5 Rd8 36.
Kd3 h4 37. Rg1 Nd7 38. Ng5 Rf8 39. Ndf3 Rh5 40. Qh3 Nf6 41. Rga1 Ra8 42. Rf1 Nh7 43. Ne6 Nxe6 44. dxe6 Rf8 45. Rfa1 Ra8 46. Rf1 Rf8 47. Rfa1 Ra8 48. Rf1 1/2-1/2

[Event "Dalheimers Hus Rapid Open"]
[Site "Dalheimers Hus, Slottsskogsgatan 12, Gothenburg, Sweden"]
[Date "2024.04.14"]
[Round "2.7"]
[White "Aaberg, Anton"]
[Black "Eriksson, Kristian"]
[Result "1/2-1/2"]
[TimeControl "15 minutes + 5 seconds per move from move one."]
[WhiteTitle "IM"]
[WhiteFideId "1701991"]
[BlackFideId "1705172"]
[WhiteElo "2346"]
[BlackElo "1961"]

1. e4 e5 2. Nf3 Nc6 3. d4 exd4 4. Nxd4 d6 5. Nc3 Nf6 6. Bc4 Be7 7. O-O O-O 8. Re1 Nxd4 9. Qxd4 Ng4 10. Nd5 Bh4 11. g3 c6 12.
Ne3 Bf6 13. Qd1 Nxe3 14. Rxe3 Be6 15. Bd3 Re8 16. c3 Qb6 17. Qc2 h6 18. Re1 Bg5 19. Bxg5 hxg5 20. Qd2 f6 21. Kg2 Rad8 22.
f4 gxf4 23. gxf4 Qc5 24. Qf2 Qxf2+ 25. Kxf2 d5 26. e5 fxe5 27. Rxe5 Bf7 28.
Rg5 Rd6 29. Rag1 g6 30. Bxg6 Bxg6 31. Rxg6+ Rxg6 32. Rxg6+ Kf7 33. Rd6 Rh8 34. Rd7+ Ke6 35. Rxb7 Rxh2+ 36. Kg3 Rh1 37. Rxa7 Kf5 38.
Rf7+ Ke4 39. Re7+ Kd3 40. f5 c5 41. Kg2 Rh8 42. f6 d4 43. Rc7 dxc3 44. bxc3 c4 45. f7 Kxc3 46. Kf3 Kd3 47. Rd7+ Kc2 48. Re7 Rf8 49.
Ke4 c3 50. Ke5 Kb2 51. a4 c2 52.
Rb7+ Ka3 53. Rc7 Rxf7 1/2-1/2

[Event "Dalheimers Hus Rapid Open"]
[Site "Dalheimers Hus, Slottsskogsgatan 12, Gothenburg, Sweden"]
[Date "2024.04.14"]
[Round "2.8"]
[White "Fransson, Lennart"]
[Black "Andreasson, Ingvar"]
[Result "0-1"]
[TimeControl "15 minutes + 5 seconds per move from move one."]
[WhiteFideId "1706756"]
[BlackFideId "1700294"]
[WhiteElo "1970"]
[BlackElo "2323"]

1. c4 c6 2. g3 d5 3. Bg2 g6 4. Nf3 Bg7 5. Qc2 e5 6. O-O Ne7 7. d3 O-O 8. Nbd2 h6 9. Rb1 Be6 10.
b4 Nd7 11. b5 cxb5 12. Rxb5 Qc7 13. Ba3 Rfe8 14. Qb1 dxc4 15. Rxb7 Qa5 16. Bb4 Qa6 17. Bxe7 cxd3 18. exd3 Nb6 19. Rxb6 axb6 20. Bd6 Bxa2 21.
Qb4 Bd5 22. Nc4 b5 23. Ncxe5 Rad8 24. Be7 Rc8 25. Re1 Qb7 26. Bd6 Bxe5 27. Bxe5 Bxf3 28. Bxf3 Qxf3 0-1

[Event "Dalheimers Hus Rapid Open"]
[Site "Dalheimers Hus, Slottsskogsgatan 12, Gothenburg, Sweden"]
[Date "2024.04.14"]
[Round "2.9"]
[White "Rydstrom, Tom"]
[Black "Svensson, Leif"]
[Result "1-0"]
[TimeControl "15 minutes + 5 seconds per move from move one."]
[WhiteTitle "FM"]
[WhiteFideId "1714830"]
[BlackFideId "1702459"]
[WhiteElo "2313"]
[BlackElo "1952"]

1. d4 d5 2. Nc3 Nf6 3. Bg5 c5 4. e3 e6 5. Nf3 Nc6 6. Bb5 cxd4 7. exd4 Be7 8. O-O O-O 9. Re1 Qc7 10.
a3 a6 11. Bd3 h6 12. Bh4 b5 13. Ne2 Ne4 14.
Bxe7 Nxe7 15. c3 f5 16. Bc2 g5 17. Nc1 Ng6 18. Nd3 Qg7 19. Nfe5 Ra7 20. a4 Nd6 21. axb5 Nxe5 22. Nxe5 axb5 23.
Bd3 Nc4 24. Bxc4 dxc4 25. Rxa7 Qxa7 26. Qa1 Qxa1 27. Rxa1 Bb7 28. h4 Ra8 29. Rxa8+ Bxa8 30. hxg5 hxg5 31. g3 Kg7 32. Kf1 Kf6 33. Ke2 Bb7 34. Kd2 1-0

[Event "Dalheimers Hus Rapid Open"]
[Site "Dalheimers Hus, Slottsskogsgatan 12, Gothenburg, Sweden"]
[Date "2024.04.14"]
[Round "2.10"]
[White "Wesslen, Ulf"]
[Black "Hamark, Jesper"]
[Result "0-1"]
[TimeControl "15 minutes + 5 seconds per move from move one."]
[WhiteFideId "1705199"]
[BlackFideId "1704338"]
[WhiteElo "1949"]
[BlackElo "2301"]

1. e4 c5 2. Nf3 g6 3. d4 cxd4 4. Nxd4 Nc6 5. Be3 Bg7 6. c3 Nf6 7. Nd2 O-O 8. Be2 d6 9. O-O Bd7 10.
f4 a6 11. Bf3 e5 12. N4b3 exf4 13. Bxf4 Ne5 14. Qe2 Qc7 15. Nd4 Rfe8 16. Kh1 Rad8 17. a4 h6 18. g3 Bh3 19. Bg2 Bxg2+ 20. Qxg2 Nh5 21. Be3 Ng4 22. Bg1 Qd7 23. a5 d5 24. Rad1 dxe4 25. Nxe4 Qc7 26. b4 Re7 27. Nc5 Rde8 28. Qf3 f5 29. Qd5+ Kh7 30.
Nde6 Qe5 31. Nxg7 Qxd5+ 32. Rxd5 Kxg7 33. Bd4+ Kf7 34. Rd6 Re1 35. Rd7+ Kg8 36. Rxe1 Rxe1+ 37. Kg2 Re2+ 38. Kf3 Rxh2 39.
Ne6 Nhf6 40. Rd8+ Kf7 41. Nf4 g5 42. Nd3 Ne4 43. Ne5+ Nxe5+ 44. Bxe5 Rd2 45. Rc8 Rd7 46. g4 Nd2+ 47.
Kg3 Ne4+ 48. Kf3 Nd2+ 49. Kg3 Ke6 50. Re8+ Kd5 51.
gxf5 Rf7 52. Rd8+ Kxe5 53. Rxd2 Kxf5 54. Rd5+ Kg6 55. Rc5 h5 56. Rc8 h4+ 57. Kg4 Rf4+ 58. Kh3 Rf3+ 59. Kg2 g4 60. Rg8+ Kf5 61. c4 h3+ 62. Kh2 Rf2+ 63. Kg1 Rg2+ 64. Kf1 Rc2 65. b5 Rxc4 66.
bxa6 bxa6 67. Rf8+ Kg5 68. Rg8+ Kh4 69. Rg6 Kg3 70. Rb6 Rc1+ 71.
Ke2 h2 72. Rb3+ Kg2 73. Rb2 h1=Q 74. Ke3+ Kg3 75. Re2 Qf3+ 76.
Kd2 Rc2+ 0-1

[Event "Dalheimers Hus Rapid Open"]
[Site "Dalheimers Hus, Slottsskogsgatan 12, Gothenburg, Sweden"]
[Date "2024.04.14"]
[Round "2.11"]
[White "Svensson, Bengt"]
[Black "Jacobsson, Lennart"]
[Result "1-0"]
[TimeControl "15 minutes + 5 seconds per move from move one."]
[WhiteTitle "IM"]
[WhiteFideId "1700200"]
[BlackFideId "1753320"]
[WhiteElo "2281"]
[BlackElo "1929"]

1. e4 d6 2. d4 Nf6 3. Nc3 c6 4. f4 Qa5 5. Bd3 e5 6. Nf3 exd4 7. Nxd4 Bg4 8. Be2 h5 9. h3 Bd7 10. Bf3 Na6 11.
Nb3 Qc7 12. Be3 O-O-O 13. Qe2 Kb8 14. Qf2 b6 15. O-O-O g6 16. Bd4 Bg7 17. e5 Ne8 18. exd6 Qc8 19. Rhe1 Be6 20. Bxb6 Rxd6 21. Bxa7+ Ka8 22. Bd4 Bxd4 23.
Rxd4 Nb8 24. Ra4+ Na6 25. Nb5 Rd7 26. Qb6 1-0

[Event "Dalheimers Hus Rapid Open"]
[Site "Dalheimers Hus, Slottsskogsgatan 12, Gothenburg, Sweden"]
[Date "2024.04.14"]
[Round "3.1"]
[White "Olsson, William"]
[Black "Seo, Jung Min"]
[Result "1-0"]
[TimeControl "15 minutes + 5 seconds per move from move one."]
[WhiteTitle "FM"]
[BlackTitle "IM"]
[WhiteFideId "1741721"]
[BlackFideId "1734687"]
[WhiteElo "2159"]
[BlackElo "2450"]

1. c4 e5 2. g3 Nf6 3. Bg2 c6 4.
Nf3 e4 5. Nd4 d5 6. d3 Bb4+ 7. Bd2 Bxd2+ 8. Qxd2 exd3 9. Qxd3 O-O 10. O-O dxc4 11. Qxc4 Nbd7 12. Rd1 Nb6 13. Qc2 Qe7 14.
Nc3 Nbd5 15. e4 Nxc3 16. Qxc3 Bg4 17. Re1 Rfd8 18. h3 Be6 19. Rad1 a5 20. Nxe6 Rxd1 21. Rxd1 Qxe6 22. e5 Nd5 23. Bxd5 cxd5 24. Kg2 g6 25. Qd4 Rd8 26. Rc1 Re8 27.
Rc5 Qb6 28. Qxd5 Qxb2 29. Rc7 Rf8 30. Rxb7 Qe2 31. Ra7 Qh5 32. Rxa5 Qf5 33. Ra8 Rxa8 34. Qxa8+ Kg7 35. Qd5 Qc2 36. h4 h5 37. a3 Kf8 38. e6 fxe6 39. Qxe6 Kg7 40. Qd5 Qa4 41. Qb7+ Kg8 42. Qb4 Qc6+ 43.
Kh2 Qc2 44. Qd4 Qa2 45. a4 Kf7 46.
Kg2 Ke6 47. Qb6+ Kf5 48. Qb5+ Kf6 49. a5 1-0

[Event "Dalheimers Hus Rapid Open"]
[Site "Dalheimers Hus, Slottsskogsgatan 12, Gothenburg, Sweden"]
[Date "2024.04.14"]
[Round "3.2"]
[White "Johansson, Linus"]
[Black "Ulff, Johan"]
[Result "1-0"]
[TimeControl "15 minutes + 5 seconds per move from move one."]
[WhiteTitle "IM"]
[WhiteFideId "1711113"]
[BlackFideId "1733893"]
[WhiteElo "2427"]
[BlackElo "2123"]

1. d4 c5 2. d5 g6 3. e4 Bg7 4. Ne2 d6 5. a4 b6 6. Nec3 Nf6 7. Bb5+ Bd7 8. Na3 a6 9. Bd3 O-O 10. h3 b5 11. axb5 axb5 12. Ncxb5 Nxe4 13. O-O Nf6 14.
Bc4 Na6 15. Re1 Re8 16. Bd2 Nc7 17. Nxc7 Qxc7 18. Bc3 Qb7 19. Qf3 Ra7 20. Re3 Nh5 21. Bxg7 Nxg7 22. Rb3 Qc8 23. Re1 Nf5 24. c3 Ba4 25. Rb6 Qc7 26. Rc6 Bxc6 27.
dxc6 e6 28. Nb5 Qb6 29. Nxa7 Qxa7 30.
g4 Ne7 31. Rxe6 Rd8 32. Rxd6 Nxc6 33. Qxc6 Rxd6 34. Qxd6 Qa1+ 35. Kg2 Qxb2 36. Qd7 1-0